 Dungeon Crawl Stone Soup version 0.18-a0-1702-gd20c6a5 (webtiles) character file.

82 kip the Slasher (level 4, 0/52 HPs)
             Began as a Human Berserker on Apr 6, 2016.
             Was a Believer of Trog.
             Slain by a gnoll
             ... wielding a +0 halberd
              (2 damage)
             ... on level 3 of the Dungeon.
             The game lasted 00:11:51 (1993 turns).

kip the Slasher (Human Berserker)                   Turns: 1993, Time: 00:11:52

Health: 0/52       AC:  6    Str: 24    XL:     4   Next: 70%
Magic:  4/4        EV: 11    Int:  7    God:    Trog [**....]
Gold:   97         SH:  0    Dex: 12    Spells: 0 memorised, 3 levels left

rFire  . . .     SeeInvis .     a - +0 falchion
rCold  . . .     Gourm    .     g - +0 scale mail
rNeg   . . .     Faith    .     (no shield)
rPois  .         Spirit   .     (no helmet)
rElec  .         Dismiss  .     (no cloak)
rCorr  .         Reflect  .     (no gloves)
SustAt .         Harm     .     (no boots)
MR     .....                    (no amulet)
Stlth  ..........               (no ring)
                                (no ring)

@: berserking, very quick, not resistant to hostile enchantments, extremely
unstealthy
A: no striking features
a: Berserk, Trog's Hand, Burn Spellbooks, Renounce Religion


You were on level 3 of the Dungeon.
You worshipped Trog.
Trog was pleased with you.
You were not hungry.

You visited 1 branch of the dungeon, and saw 3 of its levels.

You collected 97 gold pieces.

Inventory:

Hand Weapons
 a - a +0 falchion (weapon)
Missiles
 e - 7 javelins (quivered)
 o - a throwing net
Armour
 b - a +0 animal skin
 g - a +0 scale mail (worn)
Jewellery
 q - a +2 ring of dexterity {unknown}
 r - a cursed -2 ring of evasion {unknown}
Scrolls
 h - 2 scrolls of immolation {unknown}
 j - 3 scrolls of enchant weapon {unknown}
 k - a scroll of amnesia {unknown}
Potions
 f - 2 potions of curing {unknown}
 l - a potion of mutation {unknown}
 n - a potion of degeneration {unknown}
Comestibles
 c - a bread ration
 d - 2 beef jerkies
 i - a meat ration
 m - a slice of pizza
 p - 7 chunks of flesh


   Skills:
 + Level 3.3 Fighting
 + Level 3.8 Long Blades
 + Level 2.5 Armour
 + Level 2.8 Dodging
 + Level 1.0 Stealth


You had 3 spell levels left.
You didn't know any spells.

Dungeon Overview and Level Annotations

Branches:
Dungeon (3/15)

Altars:


Message History

You barely miss the orc.
The orc is heavily wounded.
The orc closely misses you. The gnoll barely misses you.
You completely miss the orc.
The orc is heavily wounded.
The orc barely misses you. The gnoll misses you.
You slash the orc!
You kill the orc!
Trog accepts your kill. The rat bites you.
* * * LOW HITPOINT WARNING * * *
The gnoll closely misses you.
Items here: ( )) [ † a falchion; a scale mail; a club; a javelin; a hobgoblin corpse You closely miss the rat.
The rat bites you but does no damage.
You slash the rat!
You kill the rat!
Trog accepts your kill. The gnoll hits you with a halberd.
You die...

##........###......#
............#.#...÷##
##........#.......<.#
#..................#
##........#.....###.#
..........#.....# #.#
####..##..♣.♣..o# #.#
.#......♣.....♣g###.#
..............o.@...#
.......♣.......♣##.......
.....).#........# ##.##..
......o♣.......♣# #
...g.o(........#
........♣.....♣#
..........♣.♣.#
......###..#..# ......#
#...


You could see a gnoll and 2 orcs.

Vanquished Creatures
  A gnoll (D:3)
  2 adders (D:2)
  2 worms (D:2)
  A dart slug (D:2)
  2 orcs (D:3)
  5 goblins
  8 hobgoblins
  4 jackals (D:3)
  5 kobolds
  A ball python (D:1)
  3 bats
  3 giant newts
  8 rats
45 creatures vanquished.

Notes
Turn   | Place    | Note
--------------------------------------------------------------
     0 | D:1      | kip the Human Berserker began the quest for the Orb.
     0 | D:1      | Reached XP level 1. HP: 18/18 MP: 1/1
   353 | D:1      | Reached XP level 2. HP: 24/24 MP: 2/2
   806 | D:1      | Reached XP level 3. HP: 25/29 MP: 3/3
   998 | D:2      | Reached ** piety under Trog
  1390 | D:2      | Reached skill level 1 in Stealth
  1417 | D:2      | Reached XP level 4. HP: 15/35 MP: 4/4
  1871 | D:3      | Found a faded altar to an unknown god.
  1985 | D:3      | HP: 2/52 [orc/falchion (4)]
  1991 | D:3      | HP: 2/52 [rat (1)]
  1993 | D:3      | Slain by a gnoll

Vault maps used:
D:1:      dpeg_arrival_more_subterranean_lakeside_camping
D:3:      yredelemnul_forgotten_temple_becter,
          gammafunk_pakellas_cloud_experiment, nicolae_overflow_hidden_temple,
          minitemple, ecumenical_altar_1, serial_forest,
          infiniplex_forest_straight_2, infiniplex_forest_lined_corner,
          infiniplex_forest_clump_curved, infiniplex_forest_clump_small,
          infiniplex_forest_lined_ring, infiniplex_forest_clump_large,
          infiniplex_forest_lined_3

Skill      XL: |  1  2  3 |
---------------+----------+-----
Stealth        | 1 |  1.0
Fighting       | |  3.3
Long Blades    | |  3.8
Armour         | |  2.5
Dodging        | |  2.8

Action                   |  1- 3 |  4- 6 || total
-------------------------+-------+-------++-------
Melee: Falchion          |   115 |    50 ||   165
Throw: Javelin           |     3 |     3 ||     6
Invok: Trog's Hand       |     1 |       ||     1
       Berserk           |       |     1 ||     1
 Stab: Sleeping          |     1 |       ||     1
  Eat: Chunk             |     1 |     3 ||     4
